 Dungeon Crawl Stone Soup version 0.29.0-4-gdea44cf6ec (webtiles) character file.

Game seed: 7766733909842286338

3313 qw the Cleaver (level 9, 0/79 HPs)
             Began as a Minotaur Fighter on Sept 8, 2022.
             Succumbed to Erica's bolt of poison
             ... on level 8 of the Dungeon.
             The game lasted 00:03:12 (7633 turns).

qw the Cleaver (Minotaur Fighter)                   Turns: 7633, Time: 00:03:13

Health: 0/79       AC: 15    Str: 25    XL:     9   Next: 70%
Magic:  0/8        EV: 12    Int:  5    God:
Gold:   346        SH:  5    Dex: 16    Spells: 8/8 levels left

rFire   . . .      SeeInvis +   p - +1 war axe (vamp)
rCold   . . .      Faith    .   c - +0 buckler
rNeg    + . .      Spirit   +   m - +0 plate armour
rPois   .          Reflect  .   (helmet restricted)
rElec   .          Harm     .   (no cloak)
rCorr   .          Rampage  .   (no gloves)
Will    .....                   g - +1 pair of boots
Stlth   ..........              r - amulet of guardian spirit
HPRegen 0.23/turn               w - ring "Bueklato" {rN+ Dex+6 SInv}
MPRegen 0.11/turn               f - +4 ring of evasion

@: lethally poisoned (0 -> -11), about to teleport, slowed, very slow
A: horns 2, retaliatory headbutt
a: no special abilities


You were on level 8 of the Dungeon.
You visited 2 branches of the dungeon, and saw 9 of its levels.

You collected 346 gold pieces.


Innate Abilities, Weirdness & Mutations

You have a pair of horns on your head.
You reflexively headbutt those who attack you in melee.


   Skills:
 + Level 7.2 Fighting
 - Level 13.0 Axes
 - Level 2.0 Throwing
 - Level 6.4 Armour
 - Level 3.1 Dodging
 - Level 5.2 Shields


You had 8 spell levels left.
You didn't know any spells.
Your spell library was empty.

Inventory:

Hand Weapons
 k - a +0 morningstar
 p - a +1 vampiric war axe (weapon)
Missiles
 v - a boomerang (quivered)
Armour
 c - a +0 buckler (worn)
 g - a +1 pair of boots (worn)
 m - a +0 plate armour (worn)
Jewellery
 f - a +4 ring of evasion (right hand)
 j - a ring of protection from fire
 r - an amulet of guardian spirit (around neck)
 w - the ring "Bueklato" (left hand) {rN+ Dex+6 SInv}
   (You found it on level 7 of the Dungeon)

   [ring of positive energy]

   Dex:       It affects your dexterity (+6).
   rN:        It protects you from negative energy.
   SInv:      It lets you see invisible.
Scrolls
 l - a scroll of identify
Potions
 a - 2 potions of cancellation
 b - a potion of heal wounds
 d - 2 potions of might
 e - 2 potions of curing
 n - a potion of haste
 o - a potion of mutation {unknown}
 q - a potion of degeneration {unknown}
 u - a potion of resistance

Dungeon Overview and Level Annotations

Branches:
Dungeon (8/15)             Temple (1/1) D:4
   Lair: D:8-11

Altars:
Ashenzari
Dithmenos
Gozag
Hepliaklqana
Kikubaaqudgha
Makhleb
Nemelex Xobeh
Okawaru
Qazlal
Sif Muna
Trog
Vehumet
Wu Jian
Xom
Yredelemnul
Zin
The Shining One

Shops:
D:1 (

Annotations:
D:8 Erica


Message History

You hit the kobold brigand but do no damage.
The kobold brigand is severely wounded.
You barely miss Erica.
The kobold brigand hits you but does no damage.
Erica hits you with a +1 scimitar of flaming!
Erica burns you.
You slash the kobold brigand!
You kill the kobold brigand!
You hit Erica.
You feel better.
You slash Erica! Your headbutt misses Erica.
Erica is severely wounded.
Erica casts a spell at you.
You are confused.
7627 ||| DRINKING 4 potions of curing.
You feel better.
7627 ||| (to cure confusion) Erica gestures at you while chanting.
You feel yourself slow down.
You closely miss Erica.
Erica is severely wounded.
Erica zaps a wand.
You resist with some effort. Erica gestures at you while chanting.
You are confused.
7629 ||| DRINKING 3 potions of curing.
You feel better.
7629 ||| (to cure confusion) Erica barely misses you.
You hit Erica.
You feel better.
Erica is severely wounded.
Erica hits you but does no damage. Erica casts a spell at you.
The lance of force hits you!!
You are knocked back by the lance of force.
Erica casts a spell at you.
You feel as though you will be slow longer.
Erica points at you and mumbles some strange words.
The bolt of poison hits you!!
You are poisoned.
7633 ||| READING scroll of teleportation.
As you read the scroll of teleportation, it crumbles to dust.
You feel strangely unstable.
You die...

.......#.#....#.
#.......#.#..#. #
########...#.#. #.
##...... .## #########
####.## ..###.......# #.#
#.#.......#.# #.#
#.#)#.#)###.#.######.#
#.))@.@..#...........#
....##)#.#.....#.########
# #.#.#.###.#.#
..#.#.......#
####.......### #########


You could see Erica.

Vanquished Creatures
  Grinder (D:6)
  Prince Ribbit (D:6)
  6 yaks (D:7)
  A steam dragon (D:5)
  A water moccasin (D:5)
  An acid dragon (D:6)
  An ice beast (D:5)
  3 black bears
  2 ogres (D:5)
  A centaur (D:5)
  A phantom (D:6)
  A kobold brigand (D:8)
  A necrophage (D:6)
  A scorpion (D:6)
  3 killer bees (D:8)
  2 howler monkeys
  A jelly (D:5)
  6 hounds
  Jessica (D:3)
  6 iguanas
  Terence (D:3)
  An orc wizard (D:3)
  4 adders
  2 white imps
  2 ufetubi
  3 worms
  2 dart slugs (D:2)
  18 orcs
  2 ball pythons
  2 bat zombies (D:3)
  8 endoplasms
  2 giant cockroaches
  12 goblins
  5 hobgoblins
  20 jackals
  10 kobolds
  5 quokkas
  2 bats
  2 frilled lizards
  2 rats (D:2)
146 creatures vanquished.

Vanquished Creatures (others)
  A kobold (D:8)
1 creature vanquished.

Grand Total: 147 creatures vanquished

Notes
Turn   | Place    | Note
-------+----------+-------------------------------------------
     0 | D:1      | qw the Minotaur Fighter began the quest for the Orb.
     0 | D:1      | Reached XP level 1. HP: 19/19 MP: 0/0
     0 | D:1      | 0 ||| qw: Version: 0.1-a-111-g1c1fd2e
     0 | D:1      | 0 ||| qw: Game counter: 6599
     0 | D:1      | 0 ||| qw: Always use a shield: true
     0 | D:1      | 0 ||| qw: God list: Ru
     0 | D:1      | 0 ||| qw: Allow faded altars: false
     0 | D:1      | 0 ||| qw: Do Orc after D:15 true
     0 | D:1      | 0 ||| qw: Do second Lair branch before Depths: true
     0 | D:1      | 0 ||| qw: Lair rune preference: random
     0 | D:1      | 0 ||| qw: Plans: Normal
     0 | D:1      | 0 ||| PLANNING D:1-11
   142 | D:1      | Reached skill level 3 in Axes
   151 | D:1      | 151 ||| DROPPING +0 club.
   316 | D:1      | Reached XP level 2. HP: 24/26 MP: 1/1
   423 | D:1      | Found a faded altar of an unknown god.
   495 | D:1      | Found Rittaqung's Antique Weapon Shoppe.
   504 | D:1      | 504 ||| SHOPLISTING eveningstar (330 gold, have 47).
   504 | D:1      | 504 ||| SHOPLISTING runed morningstar (154 gold, have 47).
   504 | D:1      | 504 ||| SHOPLISTING sapphire mace (176 gold, have 47).
   512 | D:1      | 512 ||| UPGRADING to +0 pair of boots.
   517 | D:1      | 517 ||| DROPPING orb of energy.
   518 | D:1      | 518 ||| UPGRADING to ring of protection from fire.
   519 | D:1      | 519 ||| READING scroll labelled LOWASHRESKO.
   520 | D:1      | 520 ||| READING scroll labelled VOR MERACRI.
   603 | D:2      | Reached skill level 4 in Axes
   693 | D:2      | Reached XP level 3. HP: 31/31 MP: 2/2
   709 | D:2      | 709 ||| FLEEEEING.
   710 | D:2      | 710 ||| FLEEEEING.
   711 | D:2      | 711 ||| STAIRDANCE
   775 | D:2      | 775 ||| STAIRDANCE
   822 | D:2      | Found an ancient bone altar of Kikubaaqudgha.
   850 | D:2      | 850 ||| Stepping ~*~*~tactically~*~*~ (stealth).
   852 | D:2      | 852 ||| Stepping ~*~*~tactically~*~*~ (stealth).
   859 | D:2      | 859 ||| Stepping ~*~*~tactically~*~*~ (stealth).
   878 | D:2      | 878 ||| Stepping ~*~*~tactically~*~*~ (stealth).
   905 | D:2      | 905 ||| FLEEEEING.
   906 | D:2      | 906 ||| FLEEEEING.
   907 | D:2      | 907 ||| FLEEEEING.
   908 | D:2      | 908 ||| FLEEEEING.
   909 | D:2      | 909 ||| STAIRDANCE
  1289 | D:2      | 1289 ||| Stepping ~*~*~tactically~*~*~ (hiding).
  1435 | D:2      | Reached skill level 5 in Axes
  1557 | D:2      | 1557 ||| READING 2 scrolls labelled COFEINL XUQEUT.
  1558 | D:2      | 1558 ||| READING scroll labelled IRCHESY QIME.
  1659 | D:2      | 1659 ||| READING scroll labelled OPPIMP MULAZE.
  1660 | D:2      | 1660 ||| DRINKING 2 yellow potions.
  1661 | D:2      | 1661 ||| DROPPING scroll of noise.
  1694 | D:3      | 1694 ||| Stepping ~*~*~tactically~*~*~ (stealth).
  1695 | D:3      | 1695 ||| Stepping ~*~*~tactically~*~*~ (stealth).
  1726 | D:3      | 1726 ||| Stepping ~*~*~tactically~*~*~ (hiding).
  1727 | D:3      | 1727 ||| Stepping ~*~*~tactically~*~*~ (hiding).
  1729 | D:3      | 1729 ||| Stepping ~*~*~tactically~*~*~ (hiding).
  1730 | D:3      | 1730 ||| Stepping ~*~*~tactically~*~*~ (hiding).
  1734 | D:3      | Reached skill level 1 in Dodging
  1734 | D:3      | Reached XP level 4. HP: 39/39 MP: 3/3
  1767 | D:3      | 1767 ||| Stepping ~*~*~tactically~*~*~ (stealth).
  1770 | D:3      | 1770 ||| Stepping ~*~*~tactically~*~*~ (stealth).
  1786 | D:3      | Identified the +2 leather armour "Seaxkac" {Regen+ Str+3}
  1881 | D:3      | 1881 ||| Stepping ~*~*~tactically~*~*~ (stealth).
  1883 | D:3      | 1883 ||| Stepping ~*~*~tactically~*~*~ (stealth).
  1912 | D:3      | 1912 ||| Stepping ~*~*~tactically~*~*~ (stealth).
  1949 | D:3      | 1949 ||| DROPPING +0 whip.
  1957 | D:3      | 1957 ||| Stepping ~*~*~tactically~*~*~ (stealth).
  2012 | D:3      | 2012 ||| FLEEEEING.
  2013 | D:3      | 2013 ||| FLEEEEING.
  2066 | D:3      | Found a shimmering blue altar of Sif Muna.
  2066 | D:3      | Noticed Jessica
  2068 | D:3      | 2068 ||| FLEEEEING.
  2069 | D:3      | 2069 ||| FLEEEEING.
  2070 | D:3      | 2070 ||| FLEEEEING.
  2071 | D:3      | 2071 ||| FLEEEEING.
  2072 | D:3      | 2072 ||| FLEEEEING.
  2076 | D:3      | 2076 ||| FLEEEEING.
  2077 | D:3      | 2077 ||| FLEEEEING.
  2078 | D:3      | 2078 ||| FLEEEEING.
  2085 | D:3      | 2085 ||| FLEEEEING.
  2091 | D:3      | Killed Jessica
  2092 | D:3      | Reached skill level 6 in Axes
  2092 | D:3      | Reached XP level 5. HP: 40/45 MP: 4/4
  2169 | D:3      | Noticed Terence
  2181 | D:3      | Killed Terence
  2224 | D:3      | 2224 ||| Stepping ~*~*~tactically~*~*~ (stealth).
  2362 | D:3      | Found a bloodstained altar of Trog.
  2383 | D:3      | Found an opulent altar of Gozag.
  2643 | D:3      | Found a glowing silver altar of Zin.
  2788 | D:3      | Found an ancient bone altar of Kikubaaqudgha.
  3078 | D:3      | 3078 ||| Stepping ~*~*~tactically~*~*~ (stealth).
  3079 | D:3      | 3079 ||| Stepping ~*~*~tactically~*~*~ (stealth).
  3121 | D:3      | 3121 ||| FLEEEEING.
  3122 | D:3      | 3122 ||| FLEEEEING.
  3123 | D:3      | 3123 ||| FLEEEEING.
  3190 | D:3      | 3190 ||| FLEEEEING.
  3242 | D:3      | 3242 ||| FLEEEEING.
  3243 | D:3      | 3243 ||| FLEEEEING.
  3244 | D:3      | 3244 ||| FLEEEEING.
  3245 | D:3      | 3245 ||| FLEEEEING.
  3246 | D:3      | 3246 ||| FLEEEEING.
  3285 | D:3      | 3285 ||| DROPPING +2 leather armour "Seaxkac" {Regen+
                  | Str+3}.
  3286 | D:3      | 3286 ||| UPGRADING to +0 plate armour.
  3296 | D:3      | 3296 ||| DROPPING +0 scale mail.
  3297 | D:3      | 3297 ||| UPGRADING to +6 ring of dexterity.
  3298 | D:3      | 3298 ||| READING scroll labelled XUH VUGASU.
  3299 | D:3      | 3299 ||| READING scroll labelled DOOFIM IR BASUY.
  3300 | D:3      | 3300 ||| DRINKING 3 amethyst potions.
  3334 | D:4      | Found a radiant altar of Vehumet.
  3352 | D:4      | 3352 ||| READING scroll of enchant armour.
  3352 | D:4      | 3352 ||| ENCHANTING +0 pair of boots.
  3373 | D:4      | Found a staircase to the Ecumenical Temple.
  3374 | D:4      | 3374 ||| PLANNING TEMPLE
  3374 | D:4      | 3374 ||| UPGRADING to ring of see invisible.
  3376 | D:4      | 3376 ||| UPGRADING to ring of protection from fire.
  3378 | D:4      | 3378 ||| READING 4 scrolls labelled EREEGH HOMI.
  3379 | D:4      | 3379 ||| READING 3 scrolls of identify.
  3379 | D:4      | 3379 ||| IDENTIFYING sedimented ruby potion
  3380 | D:4      | 3380 ||| READING 2 scrolls of identify.
  3380 | D:4      | 3380 ||| IDENTIFYING red potion
  3381 | D:4      | 3381 ||| DROPPING potion of magic.
  3389 | Temple   | Entered the Ecumenical Temple
  3390 | Temple   | 3390 ||| PLANNING D:1-11
  3397 | D:4      | 3397 ||| Stepping ~*~*~tactically~*~*~ (stealth).
  3399 | D:4      | 3399 ||| Stepping ~*~*~tactically~*~*~ (stealth).
  3405 | D:4      | 3405 ||| Stepping ~*~*~tactically~*~*~ (stealth).
  3444 | D:4      | Found a stormy altar of Qazlal.
  3553 | D:4      | Found a broken altar of Ashenzari.
  3723 | D:4      | 3723 ||| Stepping ~*~*~tactically~*~*~ (stealth).
  3768 | D:4      | Reached skill level 7 in Axes
  3885 | D:4      | Found an ornate altar of the Wu Jian Council.
  4084 | D:4      | 4084 ||| READING scroll labelled GODEIGRINA.
  4085 | D:4      | 4085 ||| READING scroll labelled JESYMU JAOK.
  4302 | D:5      | Entered Level 5 of the Dungeon
  4334 | D:5      | Reached XP level 6. HP: 52/52 MP: 5/5
  4467 | D:5      | Identified the +1 battleaxe of Xeeroet {protect, Int+2
                  | Dex+2}
  4469 | D:5      | Noticed an ice beast
  4476 | D:5      | Killed an ice beast
  4477 | D:5      | Reached skill level 8 in Axes
  4521 | D:5      | Found a burning altar of Makhleb.
  4584 | D:5      | 4584 ||| Stepping ~*~*~tactically~*~*~ (stealth).
  4586 | D:5      | 4586 ||| Stepping ~*~*~tactically~*~*~ (stealth).
  4587 | D:5      | 4587 ||| Stepping ~*~*~tactically~*~*~ (stealth).
  4593 | D:5      | Reached XP level 7. HP: 50/59 MP: 6/6
  4595 | D:5      | HP: 10/59 [ogre/+0 giant club (13)]
  4596 | D:5      | 4596 ||| DRINKING 2 potions of heal wounds.
  4599 | D:5      | 4599 ||| DRINKING potion of heal wounds.
  4601 | D:5      | Reached skill level 9 in Axes
  4870 | D:5      | Noticed a steam dragon
  4878 | D:5      | Killed a steam dragon
  4905 | D:5      | 4905 ||| Stepping ~*~*~tactically~*~*~ (stealth).
  4906 | D:5      | 4906 ||| Stepping ~*~*~tactically~*~*~ (stealth).
  5011 | D:5      | HP: 14/60 [poisoned by a water moccasin]
  5026 | D:5      | HP: 14/62 [hound (5)]
  5028 | D:5      | Reached XP level 8. HP: 16/70 MP: 7/7
  5032 | D:5      | 5032 ||| Stepping ~*~*~tactically~*~*~ (stealth).
  5046 | D:5      | 5046 ||| Stepping ~*~*~tactically~*~*~ (stealth).
  5361 | D:5      | Found a hazy altar of Hepliaklqana.
  5363 | D:5      | Found a shadowy altar of Dithmenos.
  5509 | D:5      | Found a glowing golden altar of the Shining One.
  5514 | D:5      | Reached skill level 10 in Axes
  5515 | D:5      | Noticed an angel
  5520 | D:5      | Found a basalt altar of Yredelemnul.
  5522 | D:5      | Noticed a profane servitor
  5626 | D:5      | 5626 ||| READING scroll labelled QETHRE SOOPRIX.
  5627 | D:5      | 5627 ||| DRINKING 2 bubbling grey potions.
  5669 | D:5      | 5669 ||| READING 2 scrolls of identify.
  5669 | D:5      | 5669 ||| IDENTIFYING fuming yellow potion
  5670 | D:5      | 5670 ||| DROPPING potion of lignification.
  5671 | D:5      | 5671 ||| DROPPING potion of ambrosia.
  5695 | D:6      | Reached skill level 6 in Fighting
  5775 | D:6      | 5775 ||| Stepping ~*~*~tactically~*~*~ (stealth).
  5777 | D:6      | 5777 ||| Stepping ~*~*~tactically~*~*~ (stealth).
  5851 | D:6      | 5851 ||| Stepping ~*~*~tactically~*~*~ (stealth).
  5854 | D:6      | 5854 ||| Stepping ~*~*~tactically~*~*~ (hiding).
  5858 | D:6      | 5858 ||| Stepping ~*~*~tactically~*~*~ (hiding).
  5884 | D:6      | Noticed Prince Ribbit
  5885 | D:6      | 5885 ||| Stepping ~*~*~tactically~*~*~ (stealth).
  5920 | D:6      | Killed Prince Ribbit
  5921 | D:6      | Reached skill level 11 in Axes
  5937 | D:6      | 5937 ||| Stepping ~*~*~tactically~*~*~ (stealth).
  5940 | D:6      | 5940 ||| Stepping ~*~*~tactically~*~*~ (stealth).
  6084 | D:6      | Noticed Grinder
  6088 | D:6      | Paralysed by Grinder for 3 turns
  6093 | D:6      | Killed Grinder
  6116 | D:6      | 6116 ||| FLEEEEING.
  6117 | D:6      | 6117 ||| FLEEEEING.
  6118 | D:6      | 6118 ||| FLEEEEING.
  6119 | D:6      | 6119 ||| FLEEEEING.
  6185 | D:6      | 6185 ||| FLEEEEING.
  6186 | D:6      | 6186 ||| FLEEEEING.
  6187 | D:6      | 6187 ||| FLEEEEING.
  6188 | D:6      | 6188 ||| FLEEEEING.
  6189 | D:6      | 6189 ||| FLEEEEING.
  6197 | D:6      | 6197 ||| STAIRDANCE
  6330 | D:5      | 6330 ||| DROPPING amulet of faith.
  6331 | D:5      | 6331 ||| READING scroll labelled ROMI ONWA.
  6338 | D:6      | Reached XP level 9. HP: 78/78 MP: 8/8
  6470 | D:6      | Reached skill level 12 in Axes
  6531 | D:6      | Found an iron altar of Okawaru.
  6682 | D:6      | 6682 ||| UPGRADING to amulet of guardian spirit.
  6687 | D:6      | 6687 ||| READING scroll labelled HAERGH DEBLUWK.
  6691 | D:6      | 6691 ||| READING 2 scrolls of identify.
  6691 | D:6      | 6691 ||| IDENTIFYING sapphire potion
  6692 | D:6      | 6692 ||| DROPPING potion of brilliance.
  6855 | D:7      | Found a sparkling altar of Nemelex Xobeh.
  6974 | D:7      | 6974 ||| Stepping ~*~*~tactically~*~*~ (stealth).
  7027 | D:7      | 7027 ||| Stepping ~*~*~tactically~*~*~ (stealth).
  7028 | D:7      | 7028 ||| Stepping ~*~*~tactically~*~*~ (stealth).
  7029 | D:7      | 7029 ||| Stepping ~*~*~tactically~*~*~ (stealth).
  7030 | D:7      | 7030 ||| Stepping ~*~*~tactically~*~*~ (stealth).
  7040 | D:7      | Reached skill level 6 in Armour
  7162 | D:7      | 7162 ||| Stepping ~*~*~tactically~*~*~ (stealth).
  7334 | D:7      | 7334 ||| READING 3 scrolls of brand weapon.
  7334 | D:7      | 7334 ||| BRANDING +1 war axe of chaos.
  7335 | D:7      | 7335 ||| READING 2 scrolls of brand weapon.
  7335 | D:7      | 7335 ||| BRANDING +1 war axe of venom.
  7336 | D:7      | 7336 ||| READING scroll of brand weapon.
  7336 | D:7      | 7336 ||| BRANDING +1 war axe of freezing.
  7435 | D:7      | Reached skill level 13 in Axes
  7525 | D:7      | Identified the ring "Bueklato" {rN+ Dex+6 SInv}
  7538 | D:7      | 7538 ||| UPGRADING to +4 ring of evasion.
  7540 | D:7      | 7540 ||| DROPPING ring of willpower.
  7541 | D:7      | 7541 ||| DROPPING +6 ring of dexterity.
  7542 | D:7      | 7542 ||| DROPPING +6 ring of intelligence.
  7543 | D:7      | 7543 ||| UPGRADING to ring "Bueklato" {rN+ Dex+6 SInv}.
  7545 | D:7      | 7545 ||| DROPPING ring of see invisible.
  7606 | D:8      | Noticed Erica
  7616 | D:8      | Reached skill level 3 in Dodging
  7627 | D:8      | 7627 ||| DRINKING 4 potions of curing.
  7627 | D:8      | 7627 ||| (to cure confusion)
  7629 | D:8      | 7629 ||| DRINKING 3 potions of curing.
  7629 | D:8      | 7629 ||| (to cure confusion)
  7632 | D:8      | HP: 3/79 [Erica/bolt of poison (17)]
  7633 | D:8      | 7633 ||| READING scroll of teleportation.
  7633 | D:8      | Succumbed to Erica's bolt of poison

Levels and vault maps discovered:
D:1:      ebering_trefoil_twist, layout_rooms, serial_shops,
          nicolae_shop_crystal, serial_glass, glass_columns_c, glass_columns_a,
          shapermc_ecumenical_altar_pompeii
D:2:      layout_loops_ring, basic_altar
D:3:      layout_loops_corners, nzn_overflow_gifts_of_might_and_magic,
          zin_scriptorium, lemuel_zombie_altar_kikubaaqudgha,
          mainiacjoe_overflow_six_doors_small, minmay_goblin_outpost
D:4:      layout_loops_ring, lemuel_crystal_altar, grunt_qazlal_clouds,
          lemuel_coloured_pillars_altar, overflow_temple_1_default,
          minmay_temple_entry_arrows, patterned_corridor
D:5:      layout_loops_cross, grunt_temple_overflow_holy_war,
          riverfiend_overflow_shadow_ancestor, lemuel_doored_altar
D:6:      layout_cave_pools, mainiacjoe_overflow_alcove_1, uniq_grinder,
          uniq_prince_ribbit1
D:7:      layout_gridville, nemelex_xobeh_ov_fountains_minmay,
          nicolae_benzene_ring
D:8:      layout_loops_cross, nicolae_overflow_crystal_walls,
          overflow_temple_1_default, chei_slow_surprise, uniq_erica
Temple:   ebering_the_one_and_only

Skill      XL: |  1  2  3  4  5  6  7  8  9 |
---------------+----------------------------+-----
Axes           | 3 4 5 6 7 8 9 11 13 | 13.0
Dodging        | 1 3 |  3.1
Fighting       | 4 5 6 7 |  7.2
Armour         | 4 5 6 |  6.4
Shields        | 5 |  5.2
Throwing       | 2 |  2.0

Action                   |  1- 3 |  4- 6 |  7- 9 || total
-------------------------+-------+-------+-------++-------
Melee: War axe           |    75 |   113 |   170 ||   358
       Headbutt          |     4 |    21 |    29 ||    54
Throw: Boomerang         |       |       |     7 ||     7
  Use: Scroll            |     5 |     8 |     9 ||    22
       Potion            |     1 |     1 |     5 ||     7
 Stab: Paralysed         |       |       |     6 ||     6
Armor: Scale mail        |    33 |    38 |       ||    71
       Plate armour      |       |    33 |    78 ||   111
Dodge: Dodged            |    27 |    51 |    31 ||   109
Block: Buckler           |    16 |    18 |    31 ||    65

Table legend:
 A = Non-vault XP
 B = Vault XP
 C = Vault XP percentage of total XP
 D = Non-vault monster count
 E = Vault monster count
 F = Vault count percentage of total count
                 A         B        C        D         E       F
            +---------+---------+-------+---------+---------+-------
      Total |    4090 |     644 |  13.6 |     133 |      13 |   8.9
            +---------+---------+-------+---------+---------+-------
        D:1 |      22 |       0 |   0.0 |      11 |       0 |   0.0
        D:2 |      66 |       0 |   0.0 |      27 |       0 |   0.0
        D:3 |     101 |      90 |  47.1 |      23 |      11 |  32.4
        D:4 |      71 |       0 |   0.0 |      10 |       0 |   0.0
        D:5 |    1323 |       0 |   0.0 |      23 |       0 |   0.0
        D:6 |     914 |     554 |  37.7 |      20 |       2 |   9.1
        D:7 |    1311 |       0 |   0.0 |      10 |       0 |   0.0
        D:8 |     282 |       0 |   0.0 |       9 |       0 |   0.0
            +---------+---------+-------+---------+---------+-------
